 Dungeon Crawl Stone Soup version 0.30-a0-368-g86fb4627a9 (webtiles) character file.

Game seed: 4804055166575071677

11872 Bnni the Spear-Bearer (level 12, -55/90 (99) HPs)
             Began as a Formicid Fighter on Nov 19, 2022.
             Was an Initiate of Yredelemnul.
             Killed from afar by an ancient lich (87 damage)
             ... with a crystal spear
             ... on level 1 of the Abyss.
             The game lasted 00:20:24 (9910 turns).

Bnni the Spear-Bearer (Formicid Fighter)            Turns: 9910, Time: 00:20:26

HP:   -55/90 (99)   AC: 18    Str: 27    XL:     12   Next: 13%
MP:   17/17         EV:  6    Int:  7    God:    Yredelemnul [......]
Gold: 619           SH: 11    Dex: 13    Spells: 11/11 levels left

rFire   . . .      SeeInvis +    t - +2 trident (protect)
rCold   . . .      Faith    .    u - +0 kite shield
rNeg    . . .      Spirit   .    r - +0 plate armour
rPois   +          Reflect  .    (helmet unavailable)
rElec   .          Harm     .    (no cloak)
rCorr   .          Rampage  .    (no gloves)
Will    +....                    (no boots)
Stlth   ..........               (no amulet)
HPRegen 0.35/turn                l - ring of poison resistance
MPRegen 0.15/turn                (no ring)

@: mighty, silenced, under a protective aura, drained
A: permanent stasis, dig shafts and tunnels, antennae 3, four strong arms
a: Dig, Shaft Self, Renounce Religion


You were on level 1 of the Abyss.
You worshipped Yredelemnul.
Yredelemnul was noncommittal.
You visited 2 branches of the dungeon, and saw 12 of its levels.
You visited the Abyss 1 time.

You collected 619 gold pieces.

Inventory:

Hand Weapons
 t - a +2 trident of protection (weapon)
 x - the +8 hand axe of Qazlal's Favour {venom, Str+4}
   (You took it off a gnoll on level 5 of the Dungeon)

   It poisons the flesh of those it strikes.
   Str:       It affects your strength (+4).
 C - a +0 halberd
Missiles
 j - 5 poisoned darts (quivered)
 m - 16 boomerangs
 p - 3 javelins
 y - 6 silver boomerangs
Armour
 r - a +0 plate armour (worn)
 u - a +0 kite shield (worn)
Jewellery
 l - a ring of poison resistance (left hand)
Wands
 a - a wand of charming (15)
 k - a wand of roots (2)
 w - a wand of polymorph (14)
 z - a wand of flame (11)
Scrolls
 c - a scroll of butterflies {unknown}
 e - a scroll of poison {unknown}
 g - 4 scrolls of amnesia
 h - 3 scrolls of immolation
 i - 2 scrolls of enchant weapon {unknown}
 q - 2 scrolls of vulnerability {unknown}
 v - 3 scrolls of magic mapping
 A - a scroll of fear {unknown}
 E - a scroll of enchant armour
Potions
 b - 4 potions of attraction {unknown}
 f - 2 potions of magic
 n - 6 potions of curing
 o - 3 potions of heal wounds
 s - 3 potions of flight
 G - a potion of mutation {unknown}


   Skills:
 + Level 10.8 Fighting
 * Level 13.2 Polearms
 - Level 3.2 Armour
 - Level 10.0 Shields
 + Level 7.3 Invocations


You had 11 spell levels left.
You didn't know any spells.
Your spell library contained the following spells:

 Spells                   Type           Power      Damage    Failure   Level
 Sting                    Tmut/Pois      0%         1d3       100%        1
 Cigotuvi's Dreadful Rot  Necr/Pois/Air  0%         N/A       100%        2
 Ensorcelled Hibernation  Hex/Ice        0%         N/A       100%        2
 Passwall                 Tmut/Erth      0%         N/A       100%        2
 Poisonous Vapours        Pois/Air       0%         N/A       100%        2
 Gell's Gravitas          Tloc           0%         N/A       100%        3
 Inner Flame              Hex/Fire       0%         N/A       100%        3
 Mephitic Cloud           Conj/Pois/Air  0%         N/A       100%        3
 Teleport Other           Tloc           0%         N/A       100%        3
 Cause Fear               Hex            0%         N/A       100%        4
 Olgreb's Toxic Radiance  Pois           0%         N/A       100%        4
 Yara's Violent Unravell  Hex/Tmut       0%         3d3       100%        5
 Dispersal                Tloc           0%         N/A       100%        6
 Enfeeble                 Hex            0%         N/A       100%        7
 Discord                  Hex            0%         N/A       100%        8
 Swiftness                Air            Unusable   N/A       N/A         3

Dungeon Overview and Level Annotations

Branches:
Dungeon (11/15)            Temple (1/1) D:5            Lair (0/5) D:9
    Orc: D:9-12

Altars:
Ashenzari
Cheibriados
Dithmenos
Elyvilon
Fedhas
Gozag
Hepliaklqana
Kikubaaqudgha
Makhleb
Nemelex Xobeh
Okawaru
Qazlal
Ru
Sif Muna
Trog
Uskayaw
Vehumet
Wu Jian
Xom
Yredelemnul
Zin
The Shining One

Shops:
D:5 *   D:8 *=:**


Innate Abilities, Weirdness & Mutations

You cannot be hasted, slowed, berserked, paralysed or teleported.
You can dig through walls and to a lower floor.
You have a pair of large antennae on your head. (SInv)
Your four strong arms can wield two-handed weapons with a shield.


Message History

The ancient lich is severely damaged.
The ancient lich touches you but does no damage.
You hit the ancient lich.
The ancient lich is severely damaged.
The ancient lich touches you but does no damage.
You puncture the ancient lich!
The ancient lich is almost destroyed.
The ancient lich touches you.
You feel drained.
The ancient lich touches you but does no damage.
You hit the ancient lich but do no damage.
The ancient lich is severely damaged.
The ancient lich touches you but does no damage.
You hit the ancient lich.
The ancient lich is almost destroyed.
The ancient lich touches you!
You hit the ancient lich but do no damage.
The ancient lich is severely damaged.
You block the ancient lich's attack.
You barely miss the ancient lich.
The ancient lich is severely damaged.
The ancient lich is no longer moving quickly.
The ancient lich barely misses you.
You barely miss the ancient lich.
The ancient lich is severely damaged.
The ancient lich closely misses you.
You puncture the ancient lich!
The ancient lich is almost destroyed.
The ancient lich touches you!
You feel drained.
You barely miss the ancient lich.
The ancient lich is almost destroyed.
You barely miss the ancient lich.
The ancient lich is almost destroyed.
The ancient lich closely misses you.
You barely miss the ancient lich.
The ancient lich is almost destroyed.
The ancient lich points at you and mumbles some strange words.
The crystal spear hits you!!!!
Ouch! That really hurt!
You die...
Your body rises from the dead as a mindless zombie.

# .# ##
#.#
#.#Z#
#@#
#L#....#
...
.#.....
#...#
..###..
#..#.
.##
##### ##


You could see an ancient lich (ally target) and a friendly spectral ufetubus.

Vanquished Creatures
  A two-headed ogre (D:9)
  The ghost of Tushie the Covert, a novice KoBr of Gozag (D:7)
  An ugly thing (D:11)
  Joseph (D:7)
  An unseen horror zombie (D:7)
  A polar bear (D:9)
  2 trolls (D:10)
  A hornet (D:7)
  8 yaks
  4 steam dragons
  3 vampire mosquitoes
  A water moccasin (D:7)
  Duvessa (D:7)
  2 ice beasts (D:9)
  A sky beast (D:6)
  A wolf (D:9)
  A black bear (D:7)
  The ghost of Anamonty the Shooter, an amateur BaHu (D:4)
  2 centaurs
  3 phantoms
  5 bullfrogs
  3 gnoll sergeants
  A water moccasin zombie (D:4)
  2 scorpions
  9 wights (D:7)
  A water moccasin skeleton (D:4)
  Dowan (D:7)
  7 killer bees
  10 howler monkeys
  A centaur skeleton (D:4)
  5 hounds
  3 jellies
  An orc priest (D:8)
  A bullfrog skeleton (D:4)
  3 iguanas
  3 orc wizards (D:9)
  Ijyb (D:5)
  A howler monkey zombie (D:7)
  5 adders
  16 gnolls
  A shadow imp (D:7)
  A white imp (D:6)
  2 ufetubi
  4 worms
  2 dart slugs
  12 orcs
  A ball python (D:1)
  6 bats
  3 endoplasms
  2 giant cockroaches
  6 goblins
  12 hobgoblins
  8 jackals
  4 quokkas
  7 frilled lizards
  A kobold (D:1)
  3 rats
191 creatures vanquished.

Vanquished Creatures (collateral kills)
  A rime drake (D:9)
  A vampire mosquito (D:10)
  13 yaks
  An ice beast (D:9)
  An orc warrior (D:9)
  3 centaurs
  A wolf (D:9)
  7 killer bees
  5 howler monkeys
  An orc wizard (D:8)
  7 orcs
41 creatures vanquished.

Vanquished Creatures (others)
  A water moccasin zombie (D:7)
  A centaur zombie (D:8)
  6 killer bee zombies
  3 howler monkey zombies (D:9)
  2 steam dragon zombies
  21 plants (D:8)
  9 withered plants (D:5)
43 creatures vanquished.

Grand Total: 275 creatures vanquished

Notes
Turn   | Place    | Note
-------+----------+-------------------------------------------
     0 | D:1      | Bnni the Formicid Fighter began the quest for the Orb.
     0 | D:1      | Reached XP level 1. HP: 18/18 MP: 1/1
   164 | D:1      | Reached XP level 2. HP: 24/24 MP: 2/2
   717 | D:2      | Reached XP level 3. HP: 23/29 MP: 3/3
   983 | D:2      | Reached skill level 3 in Polearms
  1045 | D:2      | Reached XP level 4. HP: 37/37 MP: 4/4
  1511 | D:3      | Found a bloodstained altar of Trog.
  1685 | D:3      | Reached skill level 5 in Shields
  1728 | D:3      | Reached XP level 5. HP: 41/42 MP: 5/5
  2000 | D:4      | Found a runed translucent gate.
  2000 | D:4      | Found a runed translucent gate.
  2000 | D:4      | Found a runed translucent gate.
  2231 | D:4      | Reached XP level 6. HP: 39/48 MP: 6/6
  2235 | D:4      | Reached skill level 4 in Polearms
  2616 | D:4      | Noticed Anamonty's ghost (amateur BaHu)
  2646 | D:4      | Killed Anamonty's ghost
  2647 | D:4      | Reached XP level 7. HP: 54/55 MP: 7/7
  2669 | D:4      | Reached skill level 5 in Polearms
  2678 | D:4      | Reached skill level 5 in Fighting
  2824 | D:5      | Entered Level 5 of the Dungeon
  2907 | D:5      | Noticed Ijyb
  2917 | D:5      | Killed Ijyb
  2991 | D:5      | Found a staircase to the Ecumenical Temple.
  3056 | D:5      | Reached XP level 8. HP: 34/62 MP: 8/8
  3223 | Temple   | Entered the Ecumenical Temple
  3327 | D:5      | Found Moc Uniyrikh's General Store.
  3385 | D:5      | Found an ancient bone altar of Kikubaaqudgha.
  3439 | D:5      | Found a radiant altar of Vehumet.
  3595 | D:5      | Reached skill level 6 in Polearms
  3596 | D:5      | Identified the +8 falchion of the Pharaoh's Fist {venom,
                  | Fly rC++ Dex+4}
  3597 | D:5      | Identified the +8 hand axe of Qazlal's Favour {venom,
                  | Str+4}
  3813 | D:5      | Found an iron altar of Okawaru.
  4020 | D:6      | Found a burning altar of Makhleb.
  4450 | D:6      | Reached skill level 7 in Polearms
  4450 | D:6      | Reached XP level 9. HP: 65/69 MP: 9/9
  4881 | D:7      | Reached skill level 10 in Shields
  4940 | D:7      | Reached skill level 8 in Polearms
  5169 | D:7      | Found a runed translucent gate.
  5169 | D:7      | Found a runed translucent gate.
  5169 | D:7      | Found a runed translucent gate.
  5169 | D:7      | Noticed Tushie's ghost (novice KoBr)
  5169 | D:7      | Noticed Joseph
  5169 | D:7      | Noticed a hornet
  5176 | D:7      | Killed a hornet
  5183 | D:7      | Killed Joseph
  5184 | D:7      | Reached skill level 9 in Polearms
  5191 | D:7      | Found a basalt altar of Yredelemnul.
  5197 | D:7      | Became a worshipper of Yredelemnul the Dark
  5203 | D:7      | Reached XP level 10. HP: 36/80 MP: 10/10
  5217 | D:7      | Killed Tushie's ghost
  5480 | D:7      | Reached skill level 10 in Polearms
  5513 | D:7      | Reached skill level 1 in Invocations
  5559 | D:7      | Reached * piety under Yredelemnul
  5814 | D:7      | Noticed Duvessa
  5814 | D:7      | Noticed Dowan
  5824 | D:7      | Killed Duvessa
  5834 | D:7      | Killed Dowan
  5911 | D:8      | Found Relesolo's Book Shop.
  5957 | D:8      | Found Gakycul's Assorted Antiques.
  5985 | D:8      | Reached ** piety under Yredelemnul
  5989 | D:8      | Reached *** piety under Yredelemnul
  6119 | D:8      | Found a shadowy altar of Dithmenos.
  6122 | D:8      | Reached skill level 11 in Polearms
  6371 | D:8      | Found Minodghomp's Jewellery Emporium.
  6389 | D:8      | Found Bevy Ull's Assorted Antiques.
  6462 | D:8      | Found a white marble altar of Elyvilon.
  6781 | D:8      | Found Res Atoh's General Store.
  7063 | D:9      | Found a blossoming altar of Fedhas.
  7064 | D:9      | Noticed a two-headed ogre
  7065 | D:9      | Found a hazy altar of Hepliaklqana.
  7073 | D:9      | Killed a two-headed ogre
  7074 | D:9      | Reached XP level 11. HP: 58/89 MP: 14/14
  7166 | D:9      | Found a hide-covered altar of Uskayaw.
  7166 | D:9      | Found a sacrificial altar of Ru.
  7263 | D:9      | Reached skill level 5 in Invocations
  7295 | D:9      | Reached skill level 12 in Polearms
  7337 | D:9      | Reached **** piety under Yredelemnul
  7376 | D:9      | Reached skill level 10 in Fighting
  7378 | D:9      | Reached ***** piety under Yredelemnul
  7781 | D:9      | Found a staircase to the Lair.
  7880 | D:10     | Entered Level 10 of the Dungeon
  7963 | D:10     | Found a sparkling altar of Nemelex Xobeh.
  8571 | D:10     | Found a shimmering altar of Xom.
  8865 | D:10     | Found a glowing silver altar of Zin.
  9152 | D:11     | Reached XP level 12. HP: 74/99 MP: 17/17
  9155 | D:11     | Reached skill level 13 in Polearms
  9801 | Abyss:1  | Cast into level 1 of the Abyss (gnoll sergeant)
  9845 | Abyss:1  | Found a candlelit altar of Ignis.
  9848 | Abyss:1  | Noticed a thrashing horror
  9874 | Abyss:1  | Noticed an ancient lich
  9910 | Abyss:1  | Killed from afar by an ancient lich

Illustrated notes

Levels and vault maps discovered:
D:1:      lightli_arrival_quake, layout_basic, minmay_misc_feat_more_columns
D:2:      layout_basic
D:3:      layout_basic, mainiacjoe_overflow_paths, cheibrodos_gnoll_hut
D:4:      layout_rooms, gammafunk_ghost_necromancy
D:5:      layout_basic, mainiacjoe_overflow_tiny_flanked,
          kiku_gazebo_garden_becter, okawaru_ov_weapons_minmay,
          temple_fountains, serial_shops, nicolae_shop_hallway_plus, uniq_ijyb
D:6:      layout_basic, mainiacjoe_overflow_six_doors_small,
          serial_bayou_lagoon_b
D:7:      layout_basic, nicolae_yredelemnul_ghost_church, uniq_duvessa,
          uniq_joseph
D:8:      layout_cave_pods, mainiacjoe_overflow_cross_hatched, elyvilon_altar_3,
          serial_shops, shop, nicolae_shop_statue_plus,
          nicolae_shop_behind_doors, nicolae_stop_n_shop_1,
          nicolae_stop_n_shop_2, roderic_lattice_a
D:9:      layout_rooms, grunt_temple_overflow_open, hellmonk_lair_entry_icy,
          hangedman_decor_peaks_small, dk_vineyard_2
D:10:     layout_cave_pods, lemuel_doored_altar, kennysheep_mini,
          nicolae_overflow_hidden_temple
D:11:     layout_loops_corners, orc_0_dummy, nicolae_trove_entry_isolated
Temple:   hellmonk_temple_two_chambers
Abyss:1:  base: D:2, bh_abyss_negative

Skill      XL: |  1  2  3  4  5  6  7  8  9 10 11 12 |
---------------+-------------------------------------+-----
Polearms       | 3 4 5 7 9 11 12 13 | 13.2
Shields        | 5 6 7 9 10 | 10.0
Fighting       | 4 5 6 7 9 10 | 10.8
Invocations    | 4 7 |  7.3
Armour         | |  3.2

Action                   |  1- 3 |  4- 6 |  7- 9 | 10-12 || total
-------------------------+-------+-------+-------+-------++-------
Melee: Trident           |    88 |   173 |   250 |   406 ||   917
       Unarmed           |       |       |     6 |       ||     6
Throw: Dart              |       |     3 |     9 |     6 ||    18
       Javelin           |       |     1 |       |       ||     1
       Boomerang         |       |       |     4 |       ||     4
       Throwing net      |       |       |       |     1 ||     1
Invok: Recall Undead Har |       |       |       |     6 ||     6
       Bind Soul         |       |       |       |     1 ||     1
 Abil: Dig               |       |       |     1 |       ||     1
Evoke: Wand              |       |       |     4 |       ||     4
  Use: Potion            |       |     1 |     3 |     1 ||     5
       Scroll            |       |       |     6 |     9 ||    15
 Stab: Invisible         |       |       |     1 |       ||     1
       Distracted        |       |       |       |     5 ||     5
Armor: Chain mail        |    29 |    38 |       |       ||    67
       Scale mail        |     1 |       |       |       ||     1
       Plate armour      |       |    46 |   111 |   154 ||   311
       Skin              |       |       |     3 |       ||     3
Dodge: Dodged            |    18 |    31 |    46 |    58 ||   153
Block: Buckler           |     6 |       |       |       ||     6
       Kite shield       |    12 |    70 |   129 |   129 ||   340

Table legend: (Time is in decaauts)
 A = Elapsed time spent in this place.
 B = Non-inter-level travel time spent in this place.
 C = Inter-level travel time spent in this place.
 D = Time resting spent in this place.
 E = Time spent auto-exploring this place.
 F = Levels seen in this place.
 G = Mean time per level.
                   A        B        C        D        E       F      G
               +--------+--------+--------+--------+--------+-----+--------+
         Total |   9917 |   9599 |    318 |    744 |   6958 |  13 |  762.8 |
       Dungeon |   9800 |   9486 |    314 |    744 |   6947 |  11 |  890.9 |
        Temple |     17 |     13 |      4 |      0 |     11 |   1 |   17.0 |
         Abyss |     99 |     99 |      0 |      0 |      0 |   1 |   99.0 |
               +--------+--------+--------+--------+--------+-----+--------+

Top non-repeatable levels by time:
     D:7: 1358 daAuts
    D:10: 1223 daAuts
     D:5: 1149 daAuts
     D:8: 1129 daAuts
     D:4: 852 daAuts
     D:9: 805 daAuts
     D:2: 803 daAuts
     D:1: 717 daAuts
    D:11: 668 daAuts
     D:6: 576 daAuts
     D:3: 516 daAuts
 Abyss:1: 99 daAuts
  Temple: 17 daAuts
